 Dungeon Crawl Stone Soup version 0.30.1-9-gdf580d7c3d (webtiles) character file.

Game seed: 5446262128229600688

2977 leafyfresh the Grappler (level 9, -5/71 (75) HPs)
             Began as a Troll Berserker on Oct 13, 2023.
             Was an Elder of Trog.
             Slain by a lich (6 damage)
             ... on level 2 of the Abyss.
             The game lasted 00:07:06 (4171 turns).

leafyfresh the Grappler (Troll Berserker)           Turns: 4171, Time: 00:07:06

HP:   -5/71 (75)    AC:  6    Str: 30      XL:     9   Next: 53%
MP:   8/8           EV: 15    Int:  7      God:    Trog [****..]
Gold: 296           SH:  0    Dex:  7 (8)  Spells: 8/8 levels left

rFire   . .          .
                       - Unarmed
rCold   . . .        (no shield)
rNeg    . . .        E - +0 troll leather armour
rPois   .            (helmet restricted)
rElec   .            (no cloak)
rCorr   .            (gloves unavailable)
SInv    +            (boots unavailable)
Will    .....        (no amulet)
Stlth   +            D - +5 ring of evasion
HPRegen 1.91/turn    (no ring)
MPRegen 0.11/turn

%: random rage (9%)
@: about to teleport, slowed, drained, invisible, very slow
A: large, unfitting armour, claws 3, regeneration 1, shaggy fur 1, tough skin 1,
hooves 1, see invisible, clever 1, [berserk 2], [deterioration 2], [frail 2]
a: Renounce Religion, Berserk, Trog's Hand, Brothers in Arms


You were on level 2 of the Abyss.
You worshipped Trog.
Trog was greatly pleased with you.
You visited 1 branch of the dungeon, and saw 7 of its levels.
You visited the Abyss 1 time.

You collected 296 gold pieces.

Inventory:

Hand Weapons
 l - a +0 dagger of venom
Armour
 a - a +0 animal skin
 k - an orb of energy
 E - a +0 troll leather armour (worn)
Magical Staves
 C - a staff of cold
Jewellery
 D - a +5 ring of evasion (left claw)
Wands
 y - a wand of roots (8)
 B - a wand of paralysis (9)
Scrolls
 b - 8 scrolls of identify {unknown}
 c - a scroll of noise {unknown}
 g - 2 scrolls of butterflies {unknown}
 h - 2 scrolls of amnesia {unknown}
 j - a scroll of fog {unknown}
 m - a scroll of magic mapping {unknown}
 n - a scroll of enchant armour {unknown}
 p - a scroll of blinking {unknown}
 r - a scroll of immolation {unknown}
 s - a scroll of fear {unknown}
 t - a scroll of poison {unknown}
 v - a scroll of vulnerability {unknown}
 w - 4 scrolls of teleportation
 F - a scroll of enchant weapon {unknown}
Potions
 d - 4 potions of mutation
 e - a potion of invisibility
 f - 6 potions of lignification {unknown}
 i - 4 potions of might {unknown}
 o - 2 potions of haste {unknown}
 q - a potion of brilliance {unknown}
 u - 2 potions of degeneration {unknown}
 x - 2 potions of resistance {unknown}
 z - 3 potions of heal wounds {unknown}
 A - a potion of berserk rage {unknown}


   Skills:
 * Level 7.7 Fighting
 + Level 4.7 Dodging
 * Level 9.3 Unarmed Combat


You had 8 spell levels left.
You didn't know any spells.
Your spell library was empty.

Dungeon Overview and Level Annotations

Branches:
Dungeon (9/15)
 Temple: D:4-7         Lair: D:8-11         Orc: D:9-12

Altars:
Cheibriados
Kikubaaqudgha

Shops:
D:4 :[

Annotations:
D:9 Psyche


Innate Abilities, Weirdness & Mutations

You are too large for most types of armour.
You have claws for hands.
Your natural rate of healing is unusually fast.
You are covered in fur. (AC +1)
You have tough skin. (AC +1)
You have large cloven feet.
You have supernaturally acute eyesight. (SInv)
Your mind is acute. (Int +4, Str/Dex -1)
[You have an uncontrollable temper.]
[Your body often deteriorates upon taking damage.]
[You are very frail. (-20% HP)]


Message History

The lich touches you.
* * * LOW HITPOINT WARNING * * *
You feel drained.
The lich touches you but does no damage.
As you read the scroll labelled JOAF TICUZEICEELEWK, it crumbles to dust.
You feel strangely unstable.
You feel the power of the Abyss delaying your translocation!
It was a scroll of teleportation.
The lich casts a spell at you.
You barely resist. The lich touches you.
* * * LOW HITPOINT WARNING * * *
A vampire comes into view.
The wretched star glows turbulently.
The lance of force misses you.
Unknown command.
Unknown command.
The lich casts a spell.
The lich flickers and vanishes for a moment.
The wretched star pulses with an eldritch light!
You feel yourself wasting away.
You feel your body start to fall apart. The lich misses you.
The vampire casts a spell.
The vampire flickers and vanishes for a moment.
The lich attacks as you move away! The lich touches you.
* * * LOW HITPOINT WARNING * * *
You feel drained.
* * * LOW HITPOINT WARNING * * *
The wretched star pulses with an eldritch light!
You feel frail. x2
The lich touches you but does no damage.
The lich attacks as you move away! The lich touches you!
* * * LOW HITPOINT WARNING * * *
You feel drained.
* * * LOW HITPOINT WARNING * * *
The lich touches you!
* * * LOW HITPOINT WARNING * * *
Your body deteriorates!
You feel clumsy.
Unknown command.
The lich attacks as you move away! The lich touches you.
You die...

#########....
..... .#
.......#.. .....#
..# ........' .#
....# ..#
........#..#......
. # #####...#
.#....#....#
#...#..#.........
#.V*#..#........
#..L#..#... . ..
#..@# ###.. ....
#.......#
#.......#
#.......#
#+###...# ...#
...# ...#


You could see a lich (fast, invisible), a wretched star and a vampire
(invisible).

Vanquished Creatures
  A two-headed ogre (D:9)
  A cyclops (D:9)
  2 trolls (D:9)
  Eustachio (D:5)
  A basilisk (D:9)
  An acid dragon (D:9)
  A centaur (D:9)
  A kobold brigand (D:9)
  A scorpion (D:5)
  5 wights (D:9)
  4 killer bees (D:9)
  A howler monkey (D:5)
  A gnoll bouda (D:5)
  A hound (D:5)
  An orc priest (D:9)
  A jelly (D:4)
  3 iguanas (D:5)
  Ijyb (D:4)
  Natasha (thrice) (D:4)
  An orc wizard (D:9)
  4 gnolls (D:5)
  5 adders
  A white imp (D:5)
  An ufetubus (D:5)
  A worm (D:2)
  5 dart slugs
  11 orcs
  6 ball pythons
  5 bats
  11 endoplasms
  2 giant cockroaches (D:1)
  4 hobgoblins
  4 jackals
  3 quokkas
  4 frilled lizards
  8 goblins
  13 kobolds
  7 rats
127 creatures vanquished.

Notes
Turn   | Place    | Note
-------+----------+-------------------------------------------
     0 | D:1      | leafyfresh the Troll Berserker began the quest for the Orb.
     0 | D:1      | Reached XP level 1. HP: 22/22 MP: 0/0
    74 | D:1      | Reached XP level 2. HP: 29/29 MP: 1/1
   338 | D:1      | Reached ** piety under Trog
   345 | D:1      | Reached XP level 3. HP: 37/37 MP: 2/2
   964 | D:2      | Found a faded altar of an unknown god.
  1127 | D:2      | Reached skill level 4 in Unarmed Combat
  1158 | D:2      | Found a snail-covered altar of Cheibriados.
  1376 | D:2      | Reached XP level 4. HP: 44/45 MP: 3/3
  1733 | D:3      | Reached *** piety under Trog
  2061 | D:4      | Found Gilaef's Antique Armour Boutique.
  2073 | D:4      | Reached XP level 5. HP: 54/54 MP: 4/4
  2114 | D:4      | Noticed Natasha
  2121 | D:4      | Killed Natasha
  2235 | D:4      | Noticed Natasha
  2239 | D:4      | Killed Natasha
  2267 | D:4      | Noticed Natasha
  2277 | D:4      | Killed Natasha
  2278 | D:4      | Reached skill level 5 in Unarmed Combat
  2493 | D:4      | Found Wustril's Vocational Training.
  2537 | D:4      | Noticed Ijyb
  2549 | D:4      | Killed Ijyb
  2550 | D:4      | Reached XP level 6. HP: 9/62 MP: 5/5
  2552 | D:4      | HP: 3/62 [poisoned by Ijyb]
  2557 | D:4      | HP: 2/62 [poisoned by Ijyb]
  2747 | D:5      | Entered Level 5 of the Dungeon
  3018 | D:5      | Noticed Eustachio
  3029 | D:5      | Killed Eustachio
  3030 | D:5      | Reached skill level 6 in Unarmed Combat
  3044 | D:5      | Reached skill level 5 in Fighting
  3044 | D:5      | Reached XP level 7. HP: 40/72 MP: 6/6
  3177 | D:5      | Found an ancient bone altar of Kikubaaqudgha.
  3514 | D:6      | You fall into a shaft and drop 3 floors!
  3517 | D:9      | Noticed a troll
  3529 | D:9      | Killed a troll
  3564 | D:9      | Reached skill level 7 in Unarmed Combat
  3579 | D:9      | Reached XP level 8. HP: 76/82 MP: 7/7
  3661 | D:9      | Reached **** piety under Trog
  3864 | D:9      | Noticed a cyclops
  3873 | D:9      | Reached skill level 8 in Unarmed Combat
  3884 | D:9      | Killed a cyclops
  3885 | D:9      | Reached XP level 9. HP: 87/93 MP: 8/8
  4087 | D:9      | Noticed a troll
  4088 | D:9      | Noticed a two-headed ogre
  4095 | D:9      | Killed a troll
  4102 | D:9      | Killed a two-headed ogre
  4103 | D:9      | Reached skill level 9 in Unarmed Combat
  4103 | D:9      | Noticed Psyche
  4107 | Abyss:2  | Cast into level 2 of the Abyss (Psyche)
  4118 | Abyss:2  | Noticed a large abomination
  4152 | Abyss:2  | Noticed a lich
  4161 | Abyss:2  | Noticed a wretched star
  4165 | Abyss:2  | Gained mutation: You have large cloven feet. [potion of
                  | mutation]
  4165 | Abyss:2  | Gained mutation: You have supernaturally acute eyesight.
                  | (SInv) [potion of mutation]
  4165 | Abyss:2  | Gained mutation: Your mind is acute. (Int +4, Str/Dex -1)
                  | [potion of mutation]
  4170 | Abyss:2  | HP: 1/71 [lich (12)]
  4171 | Abyss:2  | Slain by a lich

Illustrated notes

Levels and vault maps discovered:
D:1:      lightli_arrival_chessboard, layout_loops_ring, chequers_big_river
D:2:      layout_loops_ring, basic_altar, ebering_ecumenical_altar_hall
D:3:      layout_loops_ring, serial_co_window_serial,
          co_window_of_opportunity_a, co_window_paths_a, co_window_corner_a,
          co_window_of_opportunity_a, co_window_of_opportunity_a,
          co_window_corner_b, co_window_cross_2, co_window_broadway_a,
          dreamdust_mushroom_princess, grunt_ministairs_7, minmay_circle_x
D:4:      layout_basic, nicolae_stop_n_shop_1, nicolae_shop_vocational,
          uniq_natasha, uniq_ijyb
D:5:      nicolae_cairo_tiling, layout_basic, mainiacjoe_overflow_alcove_4,
          uniq_eustachio
D:6:      layout_cave_pools, mainiacjoe_overflow_catch_the_wave,
          gammafunk_ghost_nasty_kobolds, uniq_maggie
D:9:      kennysheep_blocky_room, layout_grid_maze, uniq_erica, uniq_psyche
Abyss:2:  base: D:9, minivault_13, lemuel_flamethrower_3

Skill      XL: |  1  2  3  4  5  6  7  8  9 |
---------------+----------------------------+-----
Fighting       | 3 4 5 7 |  7.7
Unarmed Combat | 4 5 6 7 8 9 |  9.3
Dodging        | 3 4 |  4.7

Action                     |  1- 3 |  4- 6 |  7- 9 || total
---------------------------+-------+-------+-------++-------
  Melee: Unarmed           |   124 |    99 |   111 ||   334
         Punch             |     2 |     1 |     4 ||     7
 Invoke: Berserk           |       |     1 |     3 ||     4
    Use: Potion            |       |       |     2 ||     2
         Scroll            |       |       |     1 ||     1
   Stab: Sleeping          |     2 |       |       ||     2
 Armour: Animal skin       |    45 |    16 |     4 ||    65
         Troll leather arm |       |       |    16 ||    16
  Dodge: Dodged            |    47 |    34 |    79 ||   160
